 Dungeon Crawl Stone Soup version 0.14-a0-2119-ge69afc6 (webtiles) character file.

1648 HollowCharge the Slasher (level 8, -4/58 HPs)
             Began as a Djinni Gladiator on Jan 26, 2014.
             Was a Believer of Lugonu.
             Slain by a killer bee (7 damage)
             ... on Level 7 of the Dungeon.
             The game lasted 00:41:41 (7798 turns).

HollowCharge the Slasher (Djinni Gladiator)         Turns: 7798, Time: 00:41:42

HP  -4/58 (54)   AC  9     Str 16      XL: 8   Next: 40%
MP   0/0         EV 14     Int  8      God: Lugonu [**....]
Gold 258         SH  0     Dex 16      Spells:  0 memorised,  7 levels left

rFire  + + +     SeeInvis .     a - +0 falchion
rCold  + . .     Clarity  +     b - +3 orc leather armour {rC+}
rNeg   + + +     Conserve .     (no shield)
rPois  .         rCorr    .     t - +0 helmet
rElec  .         rRot     .     (no cloak)
SustAb . .       Spirit   .     m - +0 pair of gloves
rMut   .         Warding  .     (boots unavailable)
Saprov . . .     Stasis   .     i - amulet of clarity
MR     .....                    (no ring)
                                g - ring of ice

@: flying, mildly poisoned, not resistant to hostile enchantments, unstealthy
A: fire immunity, cold vulnerability, life protection 3
a: Depart the Abyss, Bend Space, Renounce Religion


You were on level 7 of the Dungeon.
You worshipped Lugonu.
Lugonu was pleased with you.
You were not hungry.

You visited 2 branches of the dungeon, and saw 8 of its levels.

You collected 258 gold pieces.

Inventory:

Hand weapons
 a - a +0,+0 falchion (weapon)
Missiles
 d - 3 throwing nets (quivered)
Armour
 b - a +3 orcish leather armour of cold resistance (worn)
 m - a +0 pair of gloves (worn)
 t - a +0 helmet (worn)
Magical devices
 c - a wand of confusion (0)
 f - a wand of random effects (12)
 n - a wand of disintegration (9)
 s - a wand of cold (10) {unknown}
 A - a wand of polymorph (13) {unknown}
Scrolls
 o - 4 scrolls of remove curse
 p - a scroll of random uselessness {unknown}
 r - 2 scrolls of enchant weapon II
 u - a scroll of curse weapon {unknown}
 v - 2 scrolls of teleportation {unknown}
 w - a scroll of recharging {unknown}
 y - a scroll of noise {unknown}
 z - a scroll of immolation {unknown}
 B - a scroll of identify
 C - a scroll of enchant weapon I {unknown}
Jewellery
 g - a ring of ice (left hand)
 i - an amulet of clarity (around neck)
Potions
 e - a potion of restore abilities
 h - a potion of curing
 j - a potion of heal wounds {unknown}
 k - a potion of brilliance {unknown}
 l - 2 potions of cure mutation
Books
 q - a book of the Dragon

   Spells                             Type                      Level
   Flight                             Charms/Air                   3
   Cause Fear                         Hexes                        4
   Bolt of Fire                       Conjuration/Fire             6
   Dragon Form                        Transmutation                7
   Summon Dragon                      Summoning                    9
 x - a book of Debilitation

   Spells                             Type                      Level
   Corona                             Hexes                        1
   Slow                               Hexes                        2
   Inner Flame                        Hexes/Fire                   3
   Enslavement                        Hexes                        4
   Cause Fear                         Hexes                        4
   Leda's Liquefaction                Hexes/Earth                  4


   Skills:
 + Level 4.5 Fighting
 * Level 7.2 Long Blades
 - Level 1.7 Throwing
 + Level 4.9 Armour
 + Level 5.0 Dodging


You had 7 spell levels left.
You didn't know any spells.

Dungeon Overview and Level Annotations

Branches:
Dungeon (7/16)             Temple (1/1) D:4

Altars:
Ashenzari
Cheibriados
Dithmengos
Elyvilon
Fedhas
Nemelex Xobeh
Sif Muna
Vehumet
Xom
Zin
The Shining One
Lugonu

Shops:
D:4 [[

Annotations:
D:7 Dowan, Duvessa, Joseph


Innate Abilities, Weirdness & Mutations

You are immune to all types of fire, even holy and hellish.
You are vulnerable to cold.
You need no food.
You have no legs.
You are immune to negative energy.


Message History

Joseph unwields an uncursed quarterstaff.
Joseph wields a sling.
Joseph shoots a sling bullet.
The sling bullet hits you! The worker ant barely misses you.
An orc comes into view. It is wielding an orcish club.
The killer bee misses you.
Duvessa says, "When magic and the sword combine, nothing stands against them."
The orc priest invokes the aid of Beogh against you.
Something smites you!
* * * LOW HITPOINT WARNING * * *
Joseph shoots a sling bullet.
The sling bullet hits you!
* * * LOW HITPOINT WARNING * * *
The killer bee closely misses you.
You see here a sling bullet.
A giant frog comes into view.
The killer bee closely misses you. The killer bee stings you.
* * * LOW HITPOINT WARNING * * *
The killer bee stings you but does no damage.
The worker ant completely misses you. The killer bee stings you!
You die...

#...#.# #....ee.....
#...#.####....##.#.##
#.........##o###o#.#
#.......?..o...... e
#.............oo.e...
#.....r.$.##.###.o...
#..#k@######.# #.....
####..#ka######.#
#.o..
#......@......... .
#......#.######.
#......#...
########.....
#..F.... #.##### #.#
.. .


You could see Joseph, a giant frog (sleeping), a worker ant, 2 killer bees and a
rat.

Vanquished Creatures
  Grinder (D:4)
  A necrophage (D:5)
  An ice beast (D:5)
  A black bear (D:4)
  A phantom (D:4)
  A centaur (D:5)
  Sigmund (D:2)
  Blork the orc (D:4)
  2 crimson imps
  A jelly (D:5)
  2 orc priests
  An iguana (D:5)
  A hound (D:6)
  3 orc wizards (D:3)
  A worker ant (D:5)
  A gnoll (D:1)
  6 adders
  4 giant mites
  2 worms
  A giant eyeball (D:6)
  2 giant geckos
  2 oozes
  21 orcs
  10 hobgoblins
  7 jackals (D:2)
  13 kobolds
  6 quokkas
  A ball python (D:4)
  19 bats
  4 giant cockroaches
  5 giant newts
  10 goblins
  An orc skeleton (D:4)
  A quokka zombie (D:6)
  11 rats
  2 butterflies (D:2)
148 creatures vanquished.

Vanquished Creatures (others)
  A black bear (D:7)
1 creature vanquished.

Grand Total: 149 creatures vanquished

Notes
Turn   | Place    | Note
--------------------------------------------------------------
     0 | D:1      | HollowCharge, the Djinni Gladiator, began the quest for the Orb.
     0 | D:1      | Reached XP level 1. HP: 15/15 MP: 0/0
   143 | D:1      | Reached XP level 2. EP: 21/21
   240 | D:1      | Reached skill level 1 in Armour
   823 | D:1      | Reached XP level 3. EP: 27/27
   935 | D:2      | Noticed Sigmund
  1327 | D:2      | Found a shimmering altar of Xom.
  1467 | D:2      | Reached XP level 4. EP: 31/33
  2184 | D:3      | Reached skill level 4 in Long Blades
  2650 | D:2      | Reached XP level 5. EP: 20/40
  4048 | D:3      | Reached XP level 6. EP: 35/47
  4264 | D:4      | Noticed Blork the orc
  4409 | D:4      | Found Crisukou's Antique Armour Shoppe.
  4576 | D:4      | Found a staircase to the Ecumenical Temple.
  4663 | Temple   | Entered the Ecumenical Temple
  4688 | Temple   | Became a worshipper of Lugonu the Unformed
  4688 | Temple   | Acquired Lugonu's first power
  4765 | D:4      | Found Ijib's Antique Armour Emporium.
  4791 | D:4      | Reached skill level 5 in Long Blades
  4851 | D:4      | Found a glowing silver altar of Zin.
  4975 | D:4      | Noticed Grinder
  4989 | D:4      | Paralysed by Grinder for 2 turns
  5421 | D:4      | Killed Blork the orc
  5421 | D:4      | Reached XP level 7. EP: 33/53
  5528 | D:4      | Paralysed by Grinder for 2 turns
  5544 | D:4      | Killed Grinder
  5544 | D:4      | Reached skill level 6 in Long Blades
  5898 | D:2      | Killed Sigmund
  5960 | D:5      | Entered Level 5 of the Dungeon
  5988 | D:5      | Found a glowing golden altar of the Shining One.
  6206 | D:5      | Reached XP level 8. EP: 51/62
  6859 | D:5      | Reached skill level 7 in Long Blades
  7235 | D:6      | Reached skill level 5 in Dodging
  7319 | D:6      | Acquired Lugonu's second power
  7624 | D:6      | Found a blossoming altar of Fedhas.
  7639 | D:6      | Paralysed by a giant eyeball for 3 turns
  7645 | D:6      | Paralysed by a giant eyeball for 3 turns
  7734 | D:6      | Found a deep blue altar of Sif Muna.
  7784 | D:7      | Noticed Duvessa
  7784 | D:7      | Noticed Dowan
  7790 | D:7      | Noticed Joseph
  7798 | D:7      | Slain by a killer bee

Action                   |  1- 3 |  4- 6 |  7- 9 || total
-------------------------+-------+-------+-------++-------
Melee: Falchion          |   182 |   388 |   265 ||   835
Evoke: Wand              |       |     2 |       ||     2
  Use: Scroll            |     5 |     9 |     1 ||    15
       Potion            |       |     1 |       ||     1
